 Dungeon Crawl Stone Soup version 0.27-a0-760-gc38aae387d (webtiles) character file.

Game seed: 14678646372826912906

2555 polve the Slasher (level 9, -2/69 HPs)
             Began as a Demonspawn Abyssal Knight on Mar 24, 2021.
             Was an Elder of Lugonu.
             Slain by a wyvern (13 damage)
             ... on level 7 of the Dungeon.
             The game lasted 00:12:42 (10545 turns).

polve the Slasher (Demonspawn Abyssal Knight)      Turns: 10545, Time: 00:12:43

Health: -2/69      AC:  8    Str: 12    XL:     9   Next: 31%
Magic:  10/12      EV: 15    Int: 17    God:    Lugonu [****..]
Gold:   340        SH:  5    Dex: 16    Spells: 6/12 levels left

rFire    . . .     SeeInvis .   a - +1 falchion
rCold    . . .     Faith    .   E - +0 buckler
rNeg     . . .     Spirit   .   b - +0 leather armour
rPois    .         Reflect  .   (no helmet)
rElec    .         Harm     .   g - +2 cloak {rCorr}
rCorr    +         Rampage  .   F - +0 pair of gloves {Dex+3}
Will     +....                  (no boots)
Stlth    +.........             (no amulet)
HPRegen  0.21/turn              z - ring of willpower
MPRegen  0.13/turn              v - +4 ring of evasion

@: no status effects
A: talons 1, ignite blood 2, sharp scales 1
a: Renounce Religion, Depart the Abyss, Bend Space, Banish, Corrupt


You were on level 7 of the Dungeon.
You worshipped Lugonu.
Lugonu was greatly pleased with you.
You visited 1 branch of the dungeon, and saw 7 of its levels.
You visited the Abyss 1 time.

You collected 340 gold pieces.

Inventory:

Hand Weapons
 a - a +1 falchion (weapon)
 r - a +2 short sword of venom
Armour
 b - a +0 leather armour (worn)
 g - a +2 cloak of preservation (worn)
 E - a +0 buckler (worn)
 F - a +0 pair of gloves of dexterity (worn)
Jewellery
 c - a ring of flight
 o - a ring of see invisible
 v - a +4 ring of evasion (left hand)
 z - a ring of willpower (right hand)
Wands
 l - a wand of random effects (28)
 q - a wand of charming (7)
 x - a wand of flame (28)
 G - a wand of paralysis (11)
Scrolls
 d - a scroll of fear {unknown}
 f - 2 scrolls of vulnerability {unknown}
 h - 2 scrolls of fog {unknown}
 i - 3 scrolls of identify {unknown}
 m - 2 scrolls of acquirement {unknown}
 p - a scroll of magic mapping {unknown}
 s - a scroll of enchant armour {unknown}
 u - a scroll of immolation {unknown}
 w - a scroll of enchant weapon {unknown}
 y - 2 scrolls of blinking {unknown}
 A - 2 scrolls of amnesia {unknown}
 B - a scroll of summoning {unknown}
 D - a scroll of teleportation
Potions
 e - a potion of curing {unknown}
 j - 3 potions of ambrosia {unknown}
 k - 2 potions of lignification {unknown}
 n - 2 potions of might
 t - a potion of flight
 C - a potion of magic {unknown}


   Skills:
 - Level 6.2 Fighting
 - Level 6.7 Long Blades
 - Level 1.7 Armour
 - Level 0.8 Dodging
 * Level 2.8 Shields
 - Level 2.0 Spellcasting
 - Level 6.0 Conjurations
 - Level 2.0 Translocations
 - Level 2.0 Air Magic
 - Level 2.0 Poison Magic
 + Level 4.1 Invocations


You had 6 spell levels left.
You knew the following spells:

 Your Spells              Type           Power      Damage    Failure   Level
a - Magic Dart            Conj           88%        1d7       2%          1
b - Blink                 Tloc           N/A        N/A       19%         2
c - Mephitic Cloud        Conj/Pois/Air  13%        N/A       22%         3

Your spell library contained the following spells:

 Spells                   Type           Power      Damage    Failure   Level
 Conjure Flame            Conj/Fire      11%        6-21      26%         3
 Call Imp                 Summ           1%         N/A       41%         2
 Slow                     Hex            1%         N/A       41%         2
 Borgnjor's Revivificati  Necr           0%         N/A       100%        8
 Infestation              Necr           0%         N/A       100%        8
 Necromutation            Tmut/Necr      0%         N/A       100%        8
 Death's Door             Necr           0%         N/A       100%        9


Dungeon Overview and Level Annotations

Branches:
Dungeon (7/15)             Temple (0/1) D:6

Altars:
Makhleb
Nemelex Xobeh
Okawaru
Sif Muna
Vehumet

Shops:
D:3 [


Innate Abilities, Weirdness & Mutations

You have sharp toenails.
Your demonic aura often causes spilled blood to erupt in flames You are partially covered in razor-sharp scales. (AC +1, Slay +1)


Message History

You hit the wyvern but do no damage. Your kick misses the wyvern.
The wyvern is heavily wounded.
The wyvern bites you!
The wyvern bites you but does no damage.
You closely miss the wyvern. Your kick misses the wyvern.
The wyvern is heavily wounded.
The wyvern hisses menacingly.
The wyvern bites you but does no damage.
The wyvern bites you!
You hit the wyvern but do no damage.
The wyvern is heavily wounded.
The wyvern bites you.
You closely miss the wyvern. Your kick misses the wyvern.
The wyvern is heavily wounded.
The wyvern completely misses you.
You riposte.
You hit the wyvern but do no damage. You claw the wyvern, but do no damage.
The wyvern is heavily wounded.
The wyvern bites you!
You barely miss the wyvern. You claw the wyvern, but do no damage.
The wyvern is heavily wounded.
The wyvern barely misses you.
You riposte.
You hit the wyvern. You claw the wyvern, but do no damage.
The wyvern is heavily wounded.
You barely miss the wyvern.
The wyvern is heavily wounded.
The wyvern closely misses you.
You riposte.
You hit the wyvern but do no damage.
The wyvern is heavily wounded.
The wyvern bites you!
You barely miss the wyvern. Your kick misses the wyvern.
The wyvern is heavily wounded.
The wyvern bites you!
* * * LOW HITPOINT WARNING * * *
You closely miss the wyvern.
The wyvern is heavily wounded.
The wyvern bites you!
* * * LOW HITPOINT WARNING * * *
You block the wyvern's attack. The wyvern bites you!
You die...

####.................
#..<..###.#.#........
#.........#...#......
#............#..#(...
#..........#....#....
#..........#..#.#.##.
#...............#....
####.##..##..........
######.@###.............
#.....l###.............#
#......# ##.#..........#
#......####.....>.......
#.....?##..............#
#.....###....#####...)..
#..>........## #.....#
#.....####### #....[#
#.....# #.....#


You could see a wyvern.

Vanquished Creatures
  Grinder (D:3)
  Eustachio (D:6)
  Duvessa (D:5)
  2 ice beasts (D:5)
  A sky beast (D:7)
  A black bear (D:6)
  2 necrophages
  2 centaurs (D:7)
  2 ogres (D:5)
  A phantom (D:4)
  A bullfrog (D:7)
  A water moccasin zombie (D:5)
  Dowan (D:5)
  4 wights (D:6)
  Crazy Yiuf (D:2)
  2 orc priests
  5 hounds
  2 bullfrog skeletons
  Jessica (D:4)
  Ijyb (D:3)
  2 iguanas
  3 orc wizards
  2 worker ants (D:6)
  A hound zombie (D:3)
  A worker ant zombie (D:5)
  6 adders
  7 gnolls
  A white imp (D:7)
  3 worms
  6 dart slugs
  25 orcs
  7 endoplasms
  4 giant cockroaches
  4 goblins
  5 hobgoblins
  18 jackals
  5 kobolds
  5 quokkas
  4 ball pythons (D:1)
  7 bats
  2 frilled lizards
  12 rats
163 creatures vanquished.

Vanquished Creatures (others)
  5 fungi (D:4)
  6 plants (D:4)
11 creatures vanquished.

Grand Total: 174 creatures vanquished

Notes
Turn   | Place    | Note
-------+----------+-------------------------------------------
     0 | Abyss:1  | polve the Demonspawn Abyssal Knight began the quest for the
                  | Orb.
     0 | Abyss:1  | Reached XP level 1. HP: 18/18 MP: 2/2
    27 | Abyss:1  | Noticed a raiju
    27 | Abyss:1  | Noticed a raiju
    28 | Abyss:1  | Noticed a raiju
    29 | D:1      | Escaped the Abyss
    85 | D:1      | Gained mutation: You are partially covered in razor-sharp
                  | scales. (AC +1, Slay +1) [demonic ancestry]
    85 | D:1      | Reached XP level 2. HP: 5/24 MP: 3/3
   336 | D:1      | Reached * piety under Lugonu
   956 | D:1      | Gained mutation: You have sharp toenails. [demonic
                  | ancestry]
   956 | D:1      | Reached XP level 3. HP: 21/29 MP: 4/4
  1631 | D:2      | Reached XP level 4. HP: 14/35 MP: 5/5
  2330 | D:2      | Found an iron altar of Okawaru.
  2393 | D:2      | Reached ** piety under Lugonu
  2650 | D:2      | Reached XP level 5. HP: 40/41 MP: 6/6
  2906 | D:2      | Found a runed translucent door.
  2907 | D:2      | Noticed Crazy Yiuf
  2913 | D:2      | Killed Crazy Yiuf
  2914 | D:2      | Reached skill level 5 in Long Blades
  3000 | D:3      | Found a radiant altar of Vehumet.
  3719 | D:3      | Noticed Ijyb
  3730 | D:3      | Killed Ijyb
  3778 | D:3      | Found Peanimuf's Antique Armour Emporium.
  3781 | D:3      | Noticed Grinder
  3799 | D:3      | Paralysed by Grinder for 5 turns
  3811 | D:3      | Paralysed by Grinder for 7 turns
  3835 | D:3      | Killed Grinder
  3836 | D:3      | Reached XP level 6. HP: 19/47 MP: 7/7
  3838 | D:3      | Learned a level 1 spell: Magic Dart
  3841 | D:3      | Learned a level 2 spell: Blink
  4585 | D:4      | Reached skill level 1 in Spellcasting
  4585 | D:4      | Reached skill level 1 in Conjurations
  4585 | D:4      | Reached skill level 1 in Translocations
  4585 | D:4      | Gained mutation: Your demonic aura sometimes causes spilled
                  | blood to erupt in flames [demonic ancestry]
  4585 | D:4      | Reached XP level 7. HP: 27/52 MP: 8/8
  5124 | D:4      | Found a sparkling altar of Nemelex Xobeh.
  5124 | D:4      | Noticed Jessica
  5128 | D:4      | Killed Jessica
  5245 | D:4      | Reached *** piety under Lugonu
  5990 | D:5      | Entered Level 5 of the Dungeon
  6732 | D:5      | Found a burning altar of Makhleb.
  6742 | D:5      | Gained mutation: Your demonic aura often causes spilled
                  | blood to erupt in flames [demonic ancestry]
  6742 | D:5      | Reached XP level 8. HP: 48/58 MP: 11/11
  6919 | D:5      | Noticed Dowan
  6920 | D:5      | Noticed Duvessa
  6987 | D:5      | Killed Duvessa
  6988 | D:5      | Reached skill level 5 in Conjurations
  7321 | D:5      | Found the +3 sling "Punk" {acid, rCorr}
  7707 | D:5      | Learned a level 3 spell: Mephitic Cloud
  7794 | D:5      | Killed Dowan
  7933 | D:5      | Reached skill level 1 in Air Magic
  7933 | D:5      | Reached skill level 1 in Poison Magic
  8700 | D:6      | Reached skill level 5 in Fighting
  9169 | D:6      | Noticed Eustachio
  9238 | D:6      | Killed Eustachio
  9239 | D:6      | Reached XP level 9. HP: 7/69 MP: 9/12
  9668 | D:6      | Found a staircase to the Ecumenical Temple.
  9720 | D:7      | Found a shimmering blue altar of Sif Muna.
  9774 | D:7      | Reached **** piety under Lugonu
  9859 | D:7      | Reached skill level 1 in Shields
 10545 | D:7      | Slain by a wyvern

Illustrated notes

Levels and vault maps discovered:
D:1:      minmay_arrival_up_and_down, layout_rooms, minmay_misc_feat_hallway,
          minmay_tromino_mix6
D:2:      layout_loops_corners, st_stairs_11, okawaru_gym_becter,
          uniq_crazy_yiuf_cottage
D:3:      minmay_skewed_foursquare, layout_loops_ring, nicolae_vehumet_radiance,
          serial_shops, nicolae_shop_stone, uniq_grinder, uniq_ijyb
D:4:      wad_lake_hut, layout_loops_corners, nicolae_ru_the_path_less_chosen,
          nemelex_lonely_heart_becter
D:5:      layout_loops_corners, makhleb_blood_cavern_becter, kennysheep_nub,
          uniq_duvessa
D:6:      layout_basic, temple_hall_moat, uniq_eustachio
D:7:      layout_rooms, lemuel_blue_sif_altar

Skill      XL: |  1  2  3  4  5  6  7  8  9 |
---------------+----------------------------+-----
Long Blades    | 2 3 4 6 |  6.7
Spellcasting   | 1 2 |  2.0
Conjurations   | 1 4 6 |  6.0
Translocations | 1 2 |  2.0
Air Magic      | 2 |  2.0
Poison Magic   | 2 |  2.0
Fighting       | 6 |  6.2
Shields        | 2 |  2.8
Invocations    | 4 |  4.1
Armour         | |  1.7
Dodging        | |  0.8

Action                   |  1- 3 |  4- 6 |  7- 9 || total
-------------------------+-------+-------+-------++-------
Melee: Falchion          |    90 |   122 |   317 ||   529
       Kick              |     8 |    32 |    77 ||   117
 Cast: Magic Dart        |       |       |    86 ||    86
Invok: Depart the Abyss  |     1 |       |       ||     1
  Use: Scroll            |     1 |       |       ||     1
       Potion            |       |     5 |     3 ||     8
 Stab: Sleeping          |     1 |     1 |       ||     2
Armor: Leather armour    |    51 |    33 |    96 ||   180
Dodge: Dodged            |   100 |    59 |   200 ||   359
Block: Buckler           |       |       |    12 ||    12
       Rpst.: Falchion   |    28 |    20 |    53 ||   101

Table legend: (Time is in decaauts)
 A = Elapsed time spent in this place.
 B = Non-inter-level travel time spent in this place.
 C = Inter-level travel time spent in this place.
 D = Time resting spent in this place.
 E = Time spent auto-exploring this place.
 F = Levels seen in this place.
 G = Mean time per level.
                   A        B        C        D        E       F      G
               +--------+--------+--------+--------+--------+-----+--------+
         Total |  10616 |  10364 |    252 |    146 |   8856 |   8 | 1327.0 |
       Dungeon |  10586 |  10334 |    252 |    146 |   8829 |   7 | 1512.3 |
         Abyss |     29 |     29 |      0 |      0 |     27 |   1 |   29.0 |
               +--------+--------+--------+--------+--------+-----+--------+

Top non-repeatable levels by time:
     D:5: 2007 daAuts
     D:4: 1706 daAuts
     D:6: 1686 daAuts
     D:2: 1616 daAuts
     D:3: 1365 daAuts
     D:1: 1351 daAuts
     D:7: 852 daAuts
 Abyss:1: 29 daAuts
